Map: Prion Terraces

Players

MiNiMaTh

  • Race: Zerg Zerg
  • League: Grandmaster

dTefel (Tefel) - Winner!

  • Race: Zerg Zerg
  • League: Grandmaster

Event: DreamHack ZOWIE Open Leipzig

VOD

Have the link to the VOD?

Description

Time

  • Played on: Jan. 22, 2016, 8:47 a.m.
  • Length: 9:16

All games in this series

Show
View Real Time Build Order
Export as new Build Order

MiNiMaTh Zerg 

Build Orders: Pool First, Zergling Baneling 

Get SALT Encoding   

  12  0:00  Drone  
  13  0:21  Spawning Pool  
  13  0:25  Drone  
  13  0:29  Extractor  
  13  0:32  Drone  
  13  0:37  Drone  
  14  0:48  Overlord  
  14  1:08  Zergling x4  
  14  1:09  Zergling x2  
  17  1:11  Queen  
  19  1:19  Zergling x2  
  20  1:30  Metabolic Boost, Zergling x2  
  21  1:41  Zergling x2  
  22  1:51  Baneling Nest  
  22  1:52  Zergling x2  
  22  2:19  Overlord  
  21  2:29  Zergling x4  
  20  2:30  Zergling x4  
  20  2:36  Zergling x2  
  21  2:38  Baneling x2  
  21  2:53  Zergling x2  
  22  2:58  Zergling x2  
  22  3:01  Zergling x4  
  22  3:15  Zergling x4  
  21  3:23  Baneling  
  21  3:24  Zergling x2  
  22  3:29  Zergling x2  
  22  3:30  Zergling x4  
  25  3:45  Zergling x4  
  26  3:51  Baneling  
  26  3:52  Baneling x3  
  26  4:04  Zergling x4  
  26  4:05  Zergling x2  
  26  4:08  Baneling x2  
  29  4:19  Hatchery  
  22  4:33  Zergling x6  
  24  4:43  Zergling x2  
  24  4:44  Zergling x2  
  21  4:49  Zergling x2  
  22  4:53  Zergling x2  
  22  4:56  Baneling x2  
  22  4:57  Baneling  
  23  5:04  Drone  
  24  5:18  Drone x2  
  24  5:19  Drone x2  
  26  5:28  Baneling  
  26  5:32  Drone x2  
  28  5:42  Zergling x4  
  27  5:50  Queen  
  27  5:52  Zergling x2  
  30  5:59  Drone  
  31  6:06  Zergling x4  
  31  6:09  Baneling x3  
  33  6:15  Drone x3  
  33  6:18  Overlord  
  36  6:29  Baneling x2  
  35  6:34  Overlord x2  
  35  6:42  Zergling x6  
  36  6:51  Zergling x8  
  37  6:58  Zergling x4  
  37  7:00  Baneling x3  
  38  7:02  Baneling  
  29  7:26  Zergling x10  
  29  7:27  Zergling x2  
  29  7:29  Baneling x2  
  32  7:30  Queen  
  32  7:33  Zergling x2  
  35  7:37  Zergling x2  
  35  7:41  Zergling x2  
  37  7:46  Baneling x2  
  37  7:59  Drone  
  37  8:00  Drone x2  
  38  8:12  Zergling x8  
  41  8:15  Zergling x2  
  38  8:22  Zergling x2  
  35  8:29  Zergling x6  
  34  8:35  Zergling x2  
  34  8:39  Baneling x3  
  34  8:40  Baneling  
Show
View Real Time Build Order
Export as new Build Order

dTefel Zerg - Winner!

Build Orders: Pool First, Zergling Baneling 

Get SALT Encoding   

  12  0:00  Drone  
  13  0:08  Drone  
  14  0:17  Overlord  
  14  0:23  Drone, Extractor  
  15  0:35  Drone x2  
  17  0:45  Spawning Pool  
  17  0:47  Drone  
  17  0:54  Extractor  
  16  1:10  Hatchery  
  15  1:13  Drone  
  15  1:17  Drone  
  17  1:31  Queen  
  19  1:33  Zergling x2  
  19  1:36  Zergling x2  
  21  1:44  Baneling Nest  
  20  1:47  Zergling x2  
  20  1:52  Zergling x2  
  20  2:16  Zergling x4  
  20  2:22  Zergling x2  
  17  2:31  Drone, Baneling  
  17  2:36  Drone x2  
  20  2:40  Drone x3  
  23  2:46  Drone  
  23  2:51  Baneling x2  
  24  2:54  Drone  
  25  3:00  Zergling x2  
  25  3:12  Zergling x4  
  26  3:17  Baneling, Zergling x4  
  26  3:18  Zergling x2  
  27  3:27  Baneling  
  27  3:38  Drone  
  27  3:43  Queen  
  27  3:47  Drone  
  28  3:52  Baneling x2  
  28  3:56  Overlord  
  28  3:59  Spine Crawler  
  28  4:00  Drone  
  28  4:16  Drone x3  
  31  4:17  Overlord  
  31  4:19  Zergling x4  
  31  4:23  Baneling x2  
  32  4:26  Zergling x2  
  32  4:28  Zergling x2  
  28  4:33  Zergling x2  
  28  4:39  Drone  
  28  4:42  Zergling x2  
  28  4:49  Drone  
  28  4:51  Drone  
  30  4:55  Zergling x2  
  31  5:04  Metabolic Boost  
  31  5:08  Baneling x2  
  31  5:12  Drone  
  32  5:23  Baneling x2  
  27  5:36  Zergling x2  
  27  5:37  Zergling x6  
  27  5:40  Zergling x6  
  27  5:41  Zergling x2  
  33  5:44  Zergling x2  
  33  5:48  Zergling x2  
  35  5:52  Drone  
  36  5:59  Baneling x2  
  36  6:03  Drone x2  
  38  6:10  Zergling x2  
  38  6:17  Baneling x3  
  37  6:26  Zergling x4  
  37  6:29  Zergling x10  
  43  6:34  Baneling  
  43  6:37  Zergling x2  
  44  6:44  Zergling x2  
  40  6:52  Zergling x6  
  40  6:53  Overlord  
  43  6:57  Zergling x4  
  43  6:59  Zergling x2  
  43  7:00  Baneling x5  
  40  7:04  Zergling x2  
  40  7:14  Zergling x6  
  39  7:21  Zergling x4  
  39  7:26  Zergling x8  
  39  7:29  Zergling x2  
  42  7:33  Baneling x3  
  42  7:39  Zergling x4  
  42  7:42  Zergling x6  
  47  7:50  Zergling x4  
  49  7:54  Zergling x6  
  51  8:03  Drone  
  51  8:11  Zergling x6  
  48  8:14  Zergling x2  
  48  8:17  Zergling x4  
  50  8:21  Zergling x2  
  50  8:23  Baneling x3  
  50  8:24  Baneling  
  51  8:27  Zergling x2  
  51  8:29  Overlord  
  51  8:31  Drone x2  
  42  8:39  Zergling x2  
  38  8:42  Zergling x2  
  38  8:52  Zergling x2  
  38  8:54  Zergling x4  
  38  8:56  Drone  

Tags
 
Add a new tag
Caveats
  • Supply blocks, unpowered buildings, or Contaminate may cause inaccurate times.
  • Supply counts are checked every 10 seconds.